 Dungeon Crawl Stone Soup version 0.31-a0-1074-g0b22e4e0f1 (webtiles) character file.

Game seed: 4501293681240292568

35 nucleargodhead the Shooter (level 3, 0/23 HPs)
             Began as a Kobold Hunter on Nov 26, 2023.
             Slain by Crazy Yiuf
             ... wielding a +4 quarterstaff of chaos
              (1 damage)
             ... on level 2 of the Dungeon.
             The game lasted 00:02:33 (1138 turns).

nucleargodhead the Shooter (Kobold Hunter)          Turns: 1138, Time: 00:02:34

Health: 0/23       AC:  6    Str: 10    XL:     3   Next: 52%
Magic:  3/3        EV: 11    Int: 10    God:
Gold:   103        SH:  0    Dex: 18    Spells: 2/2 levels left

rFire   . . .        a - +0 shortbow
rCold   . . .        (shield currently unavailable)
rNeg    . . .        i - +0 scale mail
rPois   .            (no helmet)
rElec   .            (no cloak)
rCorr   .            (no gloves)
SInv    .            (no boots)
Will    .....        (no amulet)
Stlth   ++           (no ring)
HPRegen 0.23/turn    (no ring)
MPRegen 0.08/turn

%: no passive effects
@: no status effects
A: small, no large weapons, nightstalker 3
a: no special abilities


You were on level 2 of the Dungeon.
You visited 1 branch of the dungeon, and saw 2 of its levels.

You collected 103 gold pieces.

Inventory:

Hand Weapons
 a - a +0 shortbow (weapon)
 l - a +4 short sword
Armour
 c - a +0 leather armour
 i - a +0 scale mail (worn)
Talismans
 h - a serpent talisman
Scrolls
 b - a scroll of butterflies
 d - a scroll of silence {unknown}
 e - 2 scrolls of poison {unknown}
 g - a scroll of enchant armour {unknown}
 j - a scroll of fog {unknown}
 k - a scroll of teleportation {unknown}
 m - a scroll of noise {unknown}
 o - a scroll of blinking {unknown}
Potions
 f - 2 potions of heal wounds {unknown}
 n - 2 potions of curing


   Skills:
 * Level 3.5 Fighting
 + Level 5.8 Ranged Weapons
 - Level 2.4 Dodging
 - Level 1.3 Stealth


You had 2 spell levels left.
You didn't know any spells.
Your spell library was empty.

Dungeon Overview and Level Annotations

Branches:
Dungeon (2/15)

Altars:

Annotations:
D:2 Crazy Yiuf


Innate Abilities, Weirdness & Mutations

You are small and have problems with some larger weapons.
You are completely attuned to the shadows.


Message History

Found a hammer.
You see here a +0 hammer.
You see here a +0 hammer.
You see here a +0 hammer.
You see here a +0 hammer.
You see here a +2 heavy hammer.
You see here a +0 hammer.
You open the door. You shoot an arrow.
The arrow hits Crazy Yiuf but does no damage.
You shoot an arrow. The arrow closely misses Crazy Yiuf.
Crazy Yiuf yells, "Cod!
Hack shoe stair."
You shoot an arrow. The arrow hits Crazy Yiuf!
Crazy Yiuf is moderately wounded.
Crazy Yiuf hits you with a +4 quarterstaff of chaos!
Ouch! That really hurt!
You are lethally poisoned!
You are too injured to fight recklessly!
You are too injured to fight recklessly!
You are too injured to fight recklessly!
You are too injured to fight recklessly!
You are too injured to fight recklessly!
It was a potion of curing.
You feel better. Crazy Yiuf misses you.
You see here a +0 hammer.
Crazy Yiuf whimpers, "Snower illywillydillykilly verde!"
Crazy Yiuf attacks as he pursues you! Crazy Yiuf closely misses you.
Crazy Yiuf attacks as he pursues you!
Crazy Yiuf hits you with a +4 quarterstaff of chaos!
Ouch! That really hurt!
* * * LOW HITPOINT WARNING * * *
You see here a +0 hammer of draining.
Fire: a) +0 shortbow
Press: ? - help, Q - select action Shift-Dir - straight line, f/p - Crazy Yiuf
Aim: Crazy Yiuf, wielding a +4 quarterstaff of chaos and wearing a +0 cloak (moderately wounded, 68% to hit)
You shoot an arrow.
The arrow hits Crazy Yiuf but does no damage.
Crazy Yiuf is moderately wounded.
Crazy Yiuf hits you with a +4 quarterstaff of chaos.
* * * LOW HITPOINT WARNING * * *
Crazy Yiuf freezes you.
You die...

#........# #...###
#........# #.....#
#........# #.#...##
######<..# #.#†...#
##############..>######
###......))#######.##...#
#)...))...)...# #.##.#.#
#)#####)...).)####....#.#
#)#)..#.....g@...######.#
#.#...'..)..PP........#.#
#)#...#)....PP...##...#.#
#)#####)...).P..###.###.#
#...))))....))### #.....#
##.).##...)...# #######
###########


You could see Crazy Yiuf.

Vanquished Creatures
  2 dart slugs (D:1)
  A ball python (D:1)
  2 endoplasms (D:2)
  A giant cockroach (D:2)
  5 goblins
  2 hobgoblins (D:1)
  2 jackals (D:1)
  2 quokkas
  3 bats (D:2)
  3 frilled lizards (D:2)
  2 kobolds
  4 rats
29 creatures vanquished.

Notes
Turn   | Place    | Note
-------+----------+-------------------------------------------
     0 | D:1      | nucleargodhead the Kobold Hunter began the quest for the
                  | Orb.
     0 | D:1      | Reached XP level 1. HP: 12/12 MP: 1/1
   174 | D:1      | Reached XP level 2. HP: 18/18 MP: 2/2
   442 | D:1      | Reached XP level 3. HP: 23/23 MP: 3/3
  1097 | D:2      | Found a runed translucent door.
  1105 | D:2      | Noticed Crazy Yiuf
  1138 | D:2      | HP: 1/23 [Crazy Yiuf/+4 quarterstaff of chaos (4)]
  1138 | D:2      | Slain by Crazy Yiuf

Illustrated notes

Levels and vault maps discovered:
D:1:      dpeg_arrival_shrine, layout_loops_ring
D:2:      layout_basic, due_unseen_surprise, uniq_crazy_yiuf_cottage

Skill      XL: |  1  2 |
---------------+-------+-----
Fighting       | 3 |  3.5
Ranged Weapons | |  5.8
Dodging        | |  2.4
Stealth        | |  1.3

Action                     || total
---------------------------++-------
   Fire: Shortbow          ||    75
    Use: Potion            ||     1
 Armour: Leather armour    ||    11
         Scale mail        ||    12
  Dodge: Dodged            ||    14

Table legend: (Time is in decaauts)
 A = Elapsed time spent in this place.
 B = Non-inter-level travel time spent in this place.
 C = Inter-level travel time spent in this place.
 D = Time resting spent in this place.
 E = Time spent auto-exploring this place.
 F = Levels seen in this place.
 G = Mean time per level.
                   A        B        C        D        E       F      G
               +--------+--------+--------+--------+--------+-----+--------+
         Total |   1161 |   1125 |     36 |      0 |    909 |   2 |  580.5 |
       Dungeon |   1161 |   1125 |     36 |      0 |    909 |   2 |  580.5 |
               +--------+--------+--------+--------+--------+-----+--------+

Top non-repeatable levels by time:
     D:1: 769 daAuts
     D:2: 391 daAuts
